 Dungeon Crawl Stone Soup version 0.25-a0-253-g6f1b5d974a (webtiles) character file.

Game seed: 1810276918043946609, levelgen mode: classic

40 Borgoz the Skirmisher (level 3, -1/23 HPs)
             Began as a Gargoyle Monk on Dec 5, 2019.
             Slain by a gnoll
             ... wielding a +0 whip
              (3 damage)
             ... on level 2 of the Dungeon.
             The game lasted 00:01:47 (1000 turns).

Borgoz the Skirmisher (Gargoyle Monk)               Turns: 1000, Time: 00:01:47

Health: -1/23      AC:  8    Str: 15    XL:     3   Next: 50%
Magic:  3/3        EV: 11    Int: 10    God:
Gold:   79         SH:  0    Dex: 12    Spells: 2/2 levels left

rFire    . . .     SeeInvis .   a - +0 falchion
rCold    . . .     Gourm    .   (no shield)
rNeg     + . .     Faith    .   g - +0 ring mail
rPois    ∞         Spirit   .   (no helmet)
rElec    +         Reflect  .   (no cloak)
rCorr    .         Harm     .   (no gloves)
MR       .....                  (no boots)
Stlth    +.........             (no amulet)
HPRegen  0.07/turn              (no ring)
MPRegen  0.08/turn              (no ring)

@: no status effects
A: negative energy resistance 1, electricity resistance, unbreathing,
petrification resistance, rot immunity, AC +3
a: no special abilities


You were on level 2 of the Dungeon.
You were not hungry.

You visited 1 branch of the dungeon, and saw 2 of its levels.

You collected 79 gold pieces.

Inventory:

Hand Weapons
 a - a +0 falchion (weapon)
Armour
 g - a +0 ring mail (worn)
Scrolls
 b - a scroll of immolation {unknown}
 h - a scroll of amnesia {unknown}
Comestibles
 c - 2 rations
 f - 2 chunks of flesh


   Skills:
 + Level 3.6 Fighting
 * Level 3.3 Long Blades
 + Level 1.2 Armour
 + Level 2.7 Dodging
 - Level 2.1 Stealth


You had 2 spell levels left.
You didn't know any spells.
Your spell library was empty.

Dungeon Overview and Level Annotations

Branches:
Dungeon (2/15)

Altars:
Nemelex Xobeh


Innate Abilities, Weirdness & Mutations

You are resistant to torment.
Your stone body is resilient. (AC +3)
You are immune to poison.
You resist negative energy. (rN+)
You are resistant to electric shocks. (rElec)
You can survive without breathing.
You are immune to petrification.
You are immune to rotting.


Message History

The gnoll is severely wounded.
The quokka bites you.
* * * LOW HITPOINT WARNING * * *
The gnoll barely misses you.
Unknown command.
Okay, then.
You hit the gnoll but do no damage.
The gnoll is severely wounded.
The quokka bites you but does no damage.
The gnoll hits you but does no damage.
You hit the gnoll but do no damage.
The gnoll is severely wounded.
The quokka bites you but does no damage. x2
The gnoll hits you but does no damage.
You closely miss the gnoll.
The gnoll is severely wounded.
The quokka barely misses you.
You riposte.
You hit the quokka.
The quokka is severely wounded.
The gnoll hits you with a +0 whip.
You die... ####.#....
P.PPP.P ........# .....P .<..#### .PPPPP

###.########
....
#...)....#####.#
########.......#
######..# #..##
#.@g# #..#r#
.....#g./
#####.......
#########


You could see 2 gnolls and a quokka.

Vanquished Creatures
  A gnoll (D:2)
  A worm (D:2)
  2 dart slugs (D:2)
  A leopard gecko (D:2)
  2 bats (D:2)
  4 goblins
  A hobgoblin (D:2)
  4 jackals (D:2)
  4 kobolds
  2 rats
22 creatures vanquished.

Notes
Turn   | Place    | Note
-------+----------+-------------------------------------------
     0 | D:1      | Borgoz the Gargoyle Monk began the quest for the Orb.
     0 | D:1      | Reached XP level 1. HP: 14/14 MP: 1/1
   443 | D:2      | Reached XP level 2. HP: 14/19 MP: 2/2
   476 | D:2      | Reached skill level 1 in Armour
   865 | D:2      | Found a sparkling altar of Nemelex Xobeh.
   877 | D:2      | Reached XP level 3. HP: 23/23 MP: 3/3
   997 | D:2      | HP: 1/23 [quokka (3)]
  1000 | D:2      | Slain by a gnoll

Levels and vault maps discovered:
D:1:      minmay_arrival_jagged, layout_rooms
D:2:      layout_rooms, nemelex_xobeh_ov_fountains_minmay, minmay_hedge_maze,
          uniq_terence

Skill      XL: |  1  2 |
---------------+-------+-----
Long Blades    | 3 |  3.3
Armour         | 1 |  1.2
Fighting       | |  3.6
Dodging        | |  2.7
Stealth        | |  2.1

Action                   || total
-------------------------++-------
Melee: Falchion          ||    85
  Use: Potion            ||     3
Armor: Ring mail         ||    37
       Robe              ||     1
Dodge: Dodged            ||    65
       Rpst.: Falchion   ||    16

Table legend:
 A = Non-vault XP
 B = Vault XP
 C = Vault XP percentage of total XP
 D = Non-vault monster count
 E = Vault monster count
 F = Vault count percentage of total count
                 A         B        C        D         E       F
            +---------+---------+-------+---------+---------+-------
      Total |      58 |       0 |   0.0 |      22 |       0 |   0.0
            +---------+---------+-------+---------+---------+-------
        D:1 |       6 |       0 |   0.0 |       4 |       0 |   0.0
        D:2 |      52 |       0 |   0.0 |      18 |       0 |   0.0
            +---------+---------+-------+---------+---------+-------
